Map: Proxima Station LE

Players

Zelos - Winner!

  • Race: Terran Terran
  • League: Grandmaster
  • Spawn Location: 1:00

Sheppard

  • Race: Terran Terran
  • League: Master
  • Spawn Location: 7:00

VOD

https://youtu.be/wWKWo9KeJ44

Description

Time

  • Played on: Feb. 25, 2017, 2:46 p.m.
  • Length: 5:11
Show
View Real Time Build Order
Export as new Build Order

Zelos Terran - Winner!

Build Orders: Cyclone Opening, Reaper Expand, Timing Push 

Get SALT Encoding   

  12  0:00  SCV  
  13  0:14  SCV  
  13  0:19  Supply Depot  
  14  0:26  SCV  
  15  0:38  Refinery  
  15  0:41  SCV  
  16  0:48  Barracks  
  16  0:53  SCV  
  17  1:05  SCV  
  18  1:18  SCV  
  19  1:35  Reaper, Orbital Command  
  20  1:47  Command Center  
  20  2:04  SCV  
  21  2:13  Factory  
  21  2:17  Refinery, Barracks Reactor  
  21  2:20  SCV, Supply Depot  
  22  2:33  SCV  
  23  2:45  SCV  
  24  2:54  Marine x2  
  24  2:58  Cyclone  
  29  2:59  SCV  
  30  3:06  Starport  
  30  3:09  Orbital Command  
  30  3:12  Marine x2  
  32  3:18  SCV  
  33  3:29  Marine  
  33  3:30  Marine, SCV  
  33  3:31  Cyclone  
  39  3:42  SCV x2  
  39  3:43  Medivac  
  39  3:47  Marine  
  39  3:48  Marine, Supply Depot  
  45  3:54  SCV  
  46  4:06  Engineering Bay  
  46  4:08  Barracks  
  46  4:09  Marine x2, SCV x2  
  50  4:11  Widow Mine  
  52  4:18  Viking  
  54  4:25  Supply Depot  
  54  4:41  Barracks  
  54  4:45  SCV  
  54  4:46  Marine x2  
  54  4:47  SCV  
  53  5:06  Barracks Tech Lab  
  53  5:07  Starport Reactor  
Show
View Real Time Build Order
Export as new Build Order

Sheppard Terran 

Build Orders:  

Get SALT Encoding   

  12  0:01  SCV  
  13  0:13  SCV  
  14  0:18  Supply Depot  
  14  0:25  SCV  
  15  0:39  SCV  
  15  0:41  Barracks  
  16  0:45  Refinery  
  16  0:51  SCV  
  17  1:03  SCV  
  18  1:16  SCV  
  19  1:28  SCV  
  20  1:34  Reaper  
  21  1:40  Orbital Command  
  21  1:52  Command Center  
  21  2:06  Reaper, SCV  
  23  2:12  Supply Depot  
  23  2:14  Refinery  
  22  2:18  SCV  
  23  2:28  Factory  
  23  2:34  SCV  
  24  2:40  Barracks Reactor  
  24  2:46  SCV  
  26  2:58  SCV  
  26  3:05  Orbital Command  
  26  3:10  SCV  
  27  3:14  Starport  
  27  3:22  SCV  
  27  3:23  Barracks Tech Lab  
  27  3:28  Hellion x2  
  27  3:32  SCV  
  32  3:34  SCV  
  33  3:44  SCV  
  33  3:47  SCV  
  35  3:49  Hellion x2  
  39  3:55  Supply Depot  
  39  3:56  Raven, SCV  
  39  3:59  SCV  
  43  4:03  Supply Depot  
  43  4:08  SCV  
  44  4:11  Hellion  
  46  4:17  Cyclone, SCV  
  46  4:20  SCV  
  51  4:28  Command Center  
  51  4:29  SCV  
  52  4:32  SCV  
  52  4:33  Hellion  
  55  4:39  Refinery x2  
  55  4:41  SCV  
  57  4:51  SCV  
Tags
 
Add a new tag
Caveats
  • Supply blocks, unpowered buildings, or Contaminate may cause inaccurate times.
  • Supply counts are checked every 10 seconds.